 Dungeon Crawl Stone Soup version 0.29.1-2-gbd0b4ee654 (webtiles) character file.

Game seed: 11391908409935159309

112 wingedge the Insei (level 5, 0/38 HPs)
             Began as a Human Warper on Oct 31, 2022.
             Was an Initiate of Wu Jian.
             Slain by a kobold
             ... wielding a +2 dagger of venom
              (2 damage)
             ... on level 3 of the Dungeon.
             The game lasted 00:10:13 (3084 turns).

wingedge the Insei (Human Warper)                   Turns: 3084, Time: 00:10:14

Health: 0/38       AC:  3    Str: 13    XL:     5   Next: 16%
Magic:  8/8        EV: 11    Int: 19    God:    Wu Jian [......]
Gold:   109        SH:  0    Dex: 13    Spells: 3/8 levels left

rFire   . . .      SeeInvis .     - Unarmed
rCold   + . .      Faith    .   (no shield)
rNeg    . . .      Spirit   .   a - +0 leather armour
rPois   .          Reflect  .   (no helmet)
rElec   .          Harm     .   p - scarf {+Inv}
rCorr   .          Rampage  .   (no gloves)
Will    .....                   (no boots)
Stlth   +.........              (no amulet)
HPRegen 0.12/turn               h - +6 ring of intelligence
MPRegen 0.11/turn               C - ring of protection from cold

@: lethally poisoned (0 -> -6), attractive, hasted, very quick
A: no striking features
a: Renounce Religion, Evoke Invisibility


You were on level 3 of the Dungeon.
You worshipped Wu Jian.
Wu Jian was noncommittal.
You visited 2 branches of the dungeon, and saw 6 of its levels.

You collected 109 gold pieces.

Inventory:

Armour
 a - a +0 leather armour (worn)
 p - a scarf of invisibility (worn)
Jewellery
 h - a +6 ring of intelligence (left hand)
 C - a ring of protection from cold (right hand)
Scrolls
 b - 2 scrolls of blinking
 e - a scroll of teleportation
 g - a scroll of fog {unknown}
 j - a scroll of poison {unknown}
 k - a scroll of noise {unknown}
Potions
 i - a potion of curing {unknown}
 l - a potion of attraction
 o - a potion of lignification {unknown}


   Skills:
 - Level 2.0 Fighting
 - Level 1.0 Throwing
 - Level 1.0 Armour
 - Level 2.0 Dodging
 + Level 4.9 Unarmed Combat
 - Level 2.0 Spellcasting
 - Level 3.0 Translocations


You had 3 spell levels left.
You knew the following spells:

 Your Spells              Type           Power      Damage    Failure   Level
a - Blink                 Tloc           26%        N/A       10%         2
b - Teleport Other        Tloc           13%        N/A       19%         3

Your spell library contained the following spells:

 Spells                   Type           Power      Damage    Failure   Level
 Gell's Gravitas          Tloc           13%        N/A       19%         3
 Lesser Beckoning         Tloc           13%        N/A       19%         3
 Conjure Flame            Conj/Fire      1%         6-21      54%         3
 Ignite Poison            Fire/Tmut/Pois 1%         N/A       54%         3
 Manifold Assault         Tloc           13%        N/A       86%         5
 Sticky Flame             Conj/Fire      1%         2d3       91%         4


Dungeon Overview and Level Annotations

Branches:
Dungeon (5/15)             Temple (1/1) D:4

Altars:
Cheibriados
Elyvilon
Fedhas
Hepliaklqana
Okawaru
Qazlal
Ru
Uskayaw
Vehumet
Wu Jian
The Shining One

Annotations:
D:3 Grinder
D:4 Robin


Message History

Grinder shouts!
Grinder blinks!
A frilled lizard comes into view.
The frilled lizard hisses angrily.
You lunge at the frilled lizard.
You barely miss the frilled lizard. The frilled lizard closely misses you.
You hit the frilled lizard.
You kill the frilled lizard!
The Council accepts your kill.
You see here a frilled lizard corpse.
A kobold comes into view.
It is wielding a +2 dagger of venom and quivering poisoned darts.
The kobold shouts!
A kobold zombie comes into view.
The kobold throws a poisoned dart.
The poisoned dart hits you!
You are poisoned.
You feel very sick.
The kobold throws a poisoned dart.
The poisoned dart misses you.
You open the door.
You feel sick.
You feel sick.
There is an open door here.
You feel sick.
You close the door.
You feel sick.
A kobold opens the door.
Okay, then.
Okay, then.
You feel sick.
You completely miss the kobold.
You feel sick.
The kobold hits you with a +2 dagger of venom.
* * * LOW HITPOINT WARNING * * *
You are lethally poisoned!
Okay, then.
It was a potion of attraction.
You feel attractive to monsters.
* * * LOW HITPOINT WARNING * * *
You feel sick. The kobold hits you but does no damage.
Okay, then.
It was a potion of haste.
You feel yourself speed up.
* * * LOW HITPOINT WARNING * * *
You feel sick.
The kobold hits you with a +2 dagger of venom.
You die...

.............# ##.#####....
############.####.#####....
####..##.....##†...
#..÷#.##.....##....
#...+..>.....##....
#...#####....##.... #...#
#....##.... #...#
#....##.... #.@.#
#....##.... ##K##
#....##....
######Z######..........
...........†............
..............###.......
..............# #.......
...Z..........# #.......
..............# ########
..............#


You could see a kobold zombie and a kobold.

Vanquished Creatures
  An iguana (D:4)
  3 adders (D:2)
  A worm (D:2)
  2 dart slugs (D:2)
  An orc (D:3)
  4 bats
  3 endoplasms
  3 giant cockroaches (D:2)
  6 hobgoblins
  4 jackals (D:3)
  2 quokkas
  4 ball pythons
  2 frilled lizards
  10 goblins
  2 kobolds
48 creatures vanquished.

Notes
Turn   | Place    | Note
-------+----------+-------------------------------------------
     0 | D:1      | wingedge the Human Warper began the quest for the Orb.
     0 | D:1      | Reached XP level 1. HP: 16/16 MP: 3/3
   605 | D:2      | Reached XP level 2. HP: 22/22 MP: 5/5
   608 | D:2      | Learned a level 2 spell: Blink
   688 | D:2      | HP: 1/22 [adder (1)]
   703 | D:2      | Reached skill level 3 in Unarmed Combat
   703 | D:2      | Reached XP level 3. HP: 27/27 MP: 6/6
  1169 | D:2      | Found a faded altar of an unknown god.
  1209 | D:2      | Reached skill level 4 in Unarmed Combat
  1209 | D:2      | Reached XP level 4. HP: 21/33 MP: 7/7
  2059 | D:3      | Noticed Grinder
  2064 | D:3      | Paralysed by Grinder for 3 turns
  2150 | D:4      | Learned a level 3 spell: Teleport Other
  2196 | D:4      | Found a staircase to the Ecumenical Temple.
  2213 | Temple   | Entered the Ecumenical Temple
  2331 | Temple   | Became a worshipper of the Wu Jian Council
  2513 | D:4      | Noticed Robin
  2544 | D:5      | Entered Level 5 of the Dungeon
  2744 | D:4      | Reached XP level 5. HP: 7/38 MP: 8/8
  3084 | D:3      | Slain by a kobold

Illustrated notes

Levels and vault maps discovered:
D:1:      nzn_arrival_water_spiral, layout_loops_ring
D:2:      layout_basic, hellmonk_ecumenical_altar_heavens_door,
          chequers_serial_rivers_micro_d
D:3:      layout_basic, dk_yredelemnul_ordeal, uniq_grinder
D:4:      layout_basic, minmay_temple_entry_junction, uniq_blork_the_orc,
          uniq_robin
D:5:      layout_basic, mainiacjoe_overflow_alcove_1
Temple:   bh_familiar_temple

Skill      XL: |  1  2  3 |
---------------+----------+-----
Unarmed Combat | 3 4 |  4.9
Fighting       | |  2.0
Throwing       | |  1.0
Armour         | |  1.0
Dodging        | |  2.0
Spellcasting   | |  2.0
Translocations | |  3.0

Action                   |  1- 3 |  4- 6 || total
-------------------------+-------+-------++-------
Melee: Unarmed           |    86 |   132 ||   218
       Punch             |     1 |     3 ||     4
Throw: Boomerang         |    21 |     2 ||    23
Invok: Lunge             |       |     1 ||     1
  Use: Potion            |     2 |     4 ||     6
       Scroll            |       |     4 ||     4
Armor: Leather armour    |    33 |    29 ||    62
Dodge: Dodged            |    56 |    64 ||   120
